 Dungeon Crawl Stone Soup version 0.30-a0-4-ga7cffc901d (webtiles) character file.

Game seed: 4175854368855355892

3940 ragingrage the Martial Artist (level 10, -1/65 HPs)
             Began as a Yellow Draconian Transmuter on Aug 20, 2022.
             Was a Believer of Ru.
             Slain by a wyvern (11 damage)
             ... on level 8 of the Dungeon.
             The game lasted 00:12:14 (11592 turns).

ragingrage the Martial Artist (DrTm)               Turns: 11592, Time: 00:12:15

Health: -1/65      AC:  8    Str: 13    XL:     10   Next: 1%
Magic:  11/13      EV: 12    Int: 16    God:    Ru [**....]
Gold:   259        SH:  0    Dex: 13    Spells: 7/13 levels left

rFire   . . .      SeeInvis .      - Unarmed
rCold   . . .      Faith    .    (no shield)
rNeg    . . .      Spirit   .    (body armour unavailable)
rPois   +          Reflect  .    (helmet currently unavailable)
rElec   .          Harm     .    v - +0 cloak
rCorr   +          Rampage  .    (no gloves)
Will    .....                    (boots currently unavailable)
Stlth   ..........               l - amulet of the acrobat
HPRegen 0.20/turn                c - ring of poison resistance
MPRegen 0.13/turn                (no ring)

@: short of breath, appendages (expiring), marked, wereblooded, studying
Translocations
A: horns 2, talons 2, spit acid, AC +7, unfitting armour, frail 1, cold-blooded,
no stealth, acid resistance
a: Breathe Acid, End Transformation, Renounce Religion


You were on level 8 of the Dungeon.
You worshipped Ru.
Ru was pleased with you.
You had temporarily grown beastly horns and talons.
You visited 2 branches of the dungeon, and saw 9 of its levels.

You collected 259 gold pieces.

Inventory:

Missiles
 k - 4 poisoned darts (quivered)
Armour
 v - a +0 cloak (worn)
Jewellery
 c - a ring of poison resistance (left hand)
 l - an amulet of the acrobat (around neck)
 r - an amulet of faith
 y - a ring of ice
Wands
 x - a wand of roots (11)
Scrolls
 b - 8 scrolls of identify {unknown}
 g - 4 scrolls of teleportation {unknown}
 i - 2 scrolls of vulnerability {unknown}
 j - 2 scrolls of enchant weapon {unknown}
 n - a scroll of blinking {unknown}
 o - a scroll of poison {unknown}
 s - 2 scrolls of enchant armour {unknown}
 t - 5 scrolls of amnesia {unknown}
 w - a scroll of summoning {unknown}
Potions
 a - 2 potions of lignification
 d - 3 potions of heal wounds
 e - a potion of haste {unknown}
 f - a potion of magic {unknown}
 h - 3 potions of curing
 m - a potion of resistance {unknown}
 p - 2 potions of might {unknown}
 q - a potion of mutation {unknown}
 u - 2 potions of brilliance {unknown}


   Skills:
 + Level 1.9 Fighting
 - Level 1.7 Dodging
 * Level 13.0 Unarmed Combat
 - Level 2.0 Spellcasting
 - Level 7.0 Transmutations


You had 7 spell levels left.
You knew the following spells:

 Your Spells              Type           Power      Damage    Failure   Level
a - Beastly Appendage     Tmut           48%        N/A       1%          1
b - Wereblood             Tmut           24%        N/A       1%          2
c - Spider Form           Tmut/Pois      12%        N/A       14%         3

Your spell library contained the following spells:

 Spells                   Type           Power      Damage    Failure   Level
 Slow                     Hex            4%         N/A       21%         1
 Ignite Poison            Fire/Tmut/Pois 9%         N/A       24%         3
 Ice Form                 Ice/Tmut       12%        N/A       43%         4
 Confusing Touch          Hex            1%         N/A       52%         3
 Mephitic Cloud           Conj/Pois/Air  1%         N/A       52%         3
 Ozocubu's Armour         Ice            1%         N/A       52%         3
 Vampiric Draining        Necr           1%         2d6       52%         3
 Fireball                 Conj/Fire      0%         3d3       99%         5
 Freezing Cloud           Conj/Ice/Air   0%         6-21      99%         5
 Iskenderun's Battlesphe  Conj           1%         2d6       99%         5
 Conjure Ball Lightning   Conj/Air       0%         3x3d6     100%        6
 Orb of Destruction       Conj           0%         9d5       100%        7
 Ozocubu's Refrigeration  Ice            0%         4d7       100%        7


Dungeon Overview and Level Annotations

Branches:
Dungeon (8/15)             Temple (1/1) D:4
   Lair: D:8-11

Altars:
Cheibriados
Elyvilon
Gozag
Hepliaklqana
Kikubaaqudgha
Nemelex Xobeh
Qazlal
Ru
Sif Muna
Vehumet
Wu Jian
Yredelemnul
The Shining One

Annotations:
D:3 exclusion: 2 downstairs
D:5 1 runed translucent door, Crazy Yiuf
D:6 exclusion: downstairs
D:7 Joseph


Innate Abilities, Weirdness & Mutations

You have temporarily grown beastly horns and talons.
You can spit globs of acid.
Your golden yellow scales are hard. (AC +7)
You cannot fit into any form of body armour.
You are frail. (-10% HP)
You are cold-blooded and may be slowed by cold attacks.
You cannot be stealthy.
You are resistant to acid. (rCorr)


Message History

You hit the water moccasin. You claw the water moccasin.
Your headbutt misses the water moccasin.
Your tail-slap misses the water moccasin.
The water moccasin is heavily wounded.
The water moccasin bites you but does no damage.
You hit the water moccasin.
Your tail-slap misses the water moccasin.
The water moccasin is severely wounded.
The wyvern is no longer covered in acid.
A kobold comes into view. It is wielding a +0 dagger.
The water moccasin bites you but does no damage.
You punch the water moccasin!
You feel a bit better.
You kill the water moccasin!
You howl as the wereblood boils in your veins!
You have got your breath back.
The wyvern bites you!
* * * LOW HITPOINT WARNING * * *
Your Unarmed Combat skill increases to level 13!
You have reached level 10!
You barely miss the wyvern. You claw the wyvern.
The wyvern is lightly wounded.
You redirect the wyvern's attack!
The wyvern barely misses the ice beast.
You punch the wyvern! Your kick misses the wyvern.
You tail-slap the wyvern, but do no damage.
The wyvern is heavily wounded.
The wyvern bites you!
* * * LOW HITPOINT WARNING * * *
Press: ? - help, Shift-Dir - straight line, f - wyvern
Aim: a wyvern (heavily wounded, 64% to hit)
You spit a glob of acid.
The glob of acid misses the wyvern.
The glob of acid hits the ice beast.
The acid corrodes the ice beast!
The acid splashes onto the centaur!
The centaur is splashed with acid.
The acid corrodes the centaur!
You kill the centaur!
The acid splashes onto the wyvern!
The wyvern is splashed with acid.
The acid corrodes the wyvern!
The ice beast is moderately wounded.
The wyvern bites you!
You die...

# ......#.# #.##.##.#.#
#.#...#.#.####
...._...[....###
#.#...#.#.##...#
#.##.##.#.####)####
#.......#.# #....##
#.####.####.# ##.....##
#.....Yl@...# #.......#
######)########.......#
#..K.# #...##.......#
#....# ###.###.....##
#....# #.###<....##
#...## #.##.......#
#K### ###.#........#
#)# #............# #.#
#.#.........##


You could see a wyvern (corroded), an ice beast (corroded) and a kobold.

Vanquished Creatures
  A boulder beetle (D:7)
  A kobold demonologist (D:7)
  A wyvern (D:8)
  2 steam dragons
  Eustachio (D:4)
  A water moccasin (D:8)
  2 orc warriors (D:7)
  A black bear (D:7)
  An ogre (D:7)
  5 centaurs
  3 phantoms
  2 necrophages
  A gnoll sergeant (D:5)
  2 scorpions
  3 wights (D:6)
  5 killer bees (D:7)
  2 howler monkeys
  8 hounds
  3 orc priests (D:7)
  4 iguanas
  2 orc wizards (D:5)
  8 gnolls
  7 adders
  A shadow imp (D:7)
  A white imp (D:7)
  2 ufetubi (D:5)
  3 worms
  A dart slug (D:2)
  30 orcs
  13 endoplasms
  3 giant cockroaches
  5 goblins
  7 hobgoblins
  4 kobolds
  6 quokkas
  9 ball pythons
  2 bats
  3 frilled lizards
  6 rats
162 creatures vanquished.

Vanquished Creatures (others)
  An orc (D:6)
1 creature vanquished.

Grand Total: 163 creatures vanquished

Notes
Turn   | Place    | Note
-------+----------+-------------------------------------------
     0 | D:1      | ragingrage the Draconian Transmuter began the quest for the
                  | Orb.
     0 | D:1      | Reached XP level 1. HP: 16/16 MP: 3/3
   382 | D:1      | Reached XP level 2. HP: 23/23 MP: 3/5
   582 | D:1      | Found a faded altar of an unknown god.
  1495 | D:1      | Learned a level 2 spell: Wereblood
  1840 | D:2      | Reached XP level 3. HP: 28/28 MP: 2/6
  2193 | D:2      | Found a sacrificial altar of Ru.
  2491 | D:2      | Reached skill level 4 in Unarmed Combat
  2954 | D:3      | Learned a level 3 spell: Spider Form
  3102 | D:3      | Reached XP level 4. HP: 19/35 MP: 5/7
  4211 | D:4      | Reached XP level 5. HP: 40/40 MP: 4/8
  4248 | D:4      | Found a staircase to the Ecumenical Temple.
  4282 | Temple   | Entered the Ecumenical Temple
  4492 | D:2      | Became a worshipper of Ru the Awakened
  4552 | D:4      | Noticed a phantom
  4615 | D:4      | Reached skill level 5 in Unarmed Combat
  4821 | D:4      | Noticed Eustachio
  4850 | D:4      | Killed Eustachio
  4851 | D:4      | Reached XP level 6. HP: 24/47 MP: 6/9
  5059 | D:3      | Reached skill level 6 in Unarmed Combat
  5098 | D:4      | You fall into a shaft and drop 2 floors!
  5248 | D:6      | Noticed a steam dragon
  5265 | D:6      | Killed a steam dragon
  5271 | D:6      | Your scales start taking on a golden yellow colour.
  5271 | D:6      | Reached XP level 7. HP: 16/52 MP: 8/10
  5271 | D:6      | Gained mutation: You are resistant to acid. (rCorr) [Yellow
                  | Draconian growth]
  5721 | D:5      | Entered Level 5 of the Dungeon
  5741 | D:5      | Reached skill level 7 in Unarmed Combat
  5741 | D:5      | Reached skill level 5 in Transmutations
  6152 | D:5      | Reached skill level 8 in Unarmed Combat
  6381 | D:5      | Gained mutation: You are frail. (-10% HP) [Ru sacrifice]
  6381 | D:5      | Reached * piety under Ru
  6419 | D:5      | Found a glowing golden altar of the Shining One.
  6475 | D:5      | Reached XP level 8. HP: 46/53 MP: 7/11
  7187 | D:4      | Reached skill level 9 in Unarmed Combat
  7771 | D:5      | Found a runed translucent door.
  7772 | D:5      | Noticed Crazy Yiuf
  8418 | D:6      | Found a sparkling altar of Nemelex Xobeh.
  8642 | D:6      | Reached skill level 10 in Unarmed Combat
  8832 | D:7      | Noticed a kobold demonologist
  8854 | D:7      | Noticed a boulder beetle
  9031 | D:7      | Noticed a smoke demon
  9037 | D:7      | Killed a kobold demonologist
  9038 | D:7      | Reached XP level 9. HP: 57/57 MP: 9/12
  9369 | D:7      | Killed a boulder beetle
  9370 | D:7      | Reached skill level 11 in Unarmed Combat
  9662 | D:7      | Gained mutation: You cannot be stealthy. [Ru sacrifice]
  9662 | D:7      | Reached ** piety under Ru
  9766 | D:7      | Reached skill level 12 in Unarmed Combat
 10729 | D:7      | Noticed Joseph
 11046 | D:8      | Noticed a gargoyle
 11532 | D:8      | Found a sacrificial altar of Ru.
 11590 | D:8      | Reached skill level 13 in Unarmed Combat
 11590 | D:8      | Reached XP level 10. HP: 18/65 MP: 11/13
 11592 | D:8      | Slain by a wyvern

Illustrated notes

Levels and vault maps discovered:
D:1:      dpeg_arrival_pits, layout_basic, basic_ecumenical_altar
D:2:      layout_rooms, basic_altar
D:3:      layout_loops_cross, chequers_mini_garden, minmay_misc_feat_hallway,
          minmay_statues_item, kennysheep_decorative_pillar,
          minmay_splitting_lines, guppyfry_early_orc_mine
D:4:      layout_basic, minmay_temple_entry_trees, uniq_eustachio
D:5:      layout_loops_cross, nicolae_tso_carved_into_rock,
          uniq_crazy_yiuf_cottage
D:6:      layout_loops_corners, kennysheep_mini_moat
D:7:      layout_basic, minmay_manual_mail, uniq_joseph
D:8:      layout_rooms, nicolae_ru_sacrificial_ziggurat, serial_shops, shop
Temple:   hellmonk_temple_flake

Skill      XL: |  1  2  3  4  5  6  7  8  9 |
---------------+----------------------------+-----
Unarmed Combat | 4 5 6 8 10 13 | 13.0
Transmutations | 3 4 5 6 7 |  7.0
Fighting       | |  1.9
Dodging        | |  1.7
Spellcasting   | |  2.0

Action                   |  1- 3 |  4- 6 |  7- 9 | 10-12 || total
-------------------------+-------+-------+-------+-------++-------
Melee: Unarmed           |   129 |   114 |   265 |     2 ||   510
       Tailslap          |     9 |    13 |    32 |     1 ||    55
       Kick              |    15 |    19 |    56 |     1 ||    91
       Headbutt          |    13 |    14 |    37 |       ||    64
       Punch             |     2 |     4 |    16 |       ||    22
Throw: Dart              |       |     2 |     7 |       ||     9
 Cast: Beastly Appendage |    28 |    17 |    44 |       ||    89
       Wereblood         |     5 |    12 |    40 |       ||    57
       Spider Form       |       |       |     1 |       ||     1
Invok: Sacrifice Health  |       |       |     1 |       ||     1
       Sacrifice Stealth |       |       |     1 |       ||     1
 Abil: Breathe Acid      |       |       |    20 |     1 ||    21
  Use: Potion            |       |     2 |     3 |       ||     5
 Stab: Sleeping          |       |     1 |       |       ||     1
Armor: Skin              |    35 |    21 |    64 |       ||   120
Dodge: Dodged            |    70 |    71 |   174 |       ||   315

Table legend: (Time is in decaauts)
 A = Elapsed time spent in this place.
 B = Non-inter-level travel time spent in this place.
 C = Inter-level travel time spent in this place.
 D = Time resting spent in this place.
 E = Time spent auto-exploring this place.
 F = Levels seen in this place.
 G = Mean time per level.
                   A        B        C        D        E       F      G
               +--------+--------+--------+--------+--------+-----+--------+
         Total |  11533 |  10957 |    576 |   2663 |   6880 |   9 | 1281.4 |
       Dungeon |  11381 |  10816 |    565 |   2663 |   6748 |   8 | 1422.6 |
        Temple |    152 |    142 |     10 |      0 |    132 |   1 |  152.0 |
               +--------+--------+--------+--------+--------+-----+--------+

Top non-repeatable levels by time:
     D:7: 2290 daAuts
     D:6: 1778 daAuts
     D:1: 1700 daAuts
     D:3: 1658 daAuts
     D:5: 1429 daAuts
     D:4: 1311 daAuts
     D:2: 904 daAuts
     D:8: 309 daAuts
  Temple: 152 daAuts
